 Dungeon Crawl Stone Soup version 0.31.0-11-ge490571c62 (webtiles) character file.

Game seed: 10666976979713760082

139814 Minsecho the Unseen (level 16, -11/87 HPs)
             Began as a Spriggan Monk on Jan 30, 2024.
             Was the Champion of Wu Jian.
             Shot with an arrow by a satyr (36 damage)
             ... on level 4 of the Shoals.
             The game lasted 02:40:08 (39754 turns).

Minsecho the Unseen (Spriggan Monk)                Turns: 39754, Time: 02:40:09

Health: -11/87     AC:  9    Str: 13    XL:     16   Next: 74%
Magic:  28/31      EV: 36    Int: 20    God:    Wu Jian [******]
Gold:   1596       SH: 15    Dex: 23    Spells: 18/36 levels left

rFire   + . .        q - +5 dagger of Haotubro {venom, rCorr Int+6}
rCold   + . .        Q - +3 buckler {rC+}
rNeg    . . .        M - +2 robe {rF+}
rPois   .            P - +2 hat
rElec   .            o - +2 cloak
rCorr   +            (gloves unavailable)
SInv    +            (boots unavailable)
Will    +++..        A - amulet of reflection
Stlth   ++++++++     d - +6 ring of dexterity
HPRegen 0.34/turn    J - ring of willpower
MPRegen 0.22/turn

%: reflection
@: very quick
A: very small, no large weapons, unfitting armour, see invisible, speed 3
a: Renounce Religion, Wall Jump, Serpent's Lash, Heavenly Storm


You were on level 4 of the Shoals.
You worshipped Wu Jian.
Wu Jian was exalted by your worship.
You visited 5 branches of the dungeon, and saw 27 of its levels.
You also visited: Sewer, Gauntlet and Ice Cave.

You collected 2763 gold pieces.
You spent 1167 gold pieces at shops.

Inventory:

Hand Weapons
 q - the +5 dagger of Haotubro (weapon) {venom, rCorr Int+6}
   (You found it on level 3 of the Dungeon)

   Int+6:     It affects your intelligence (+6).
   rCorr:     It protects you from acid and corrosion.
Missiles
 e - 3 curare-tipped darts
 k - 5 boomerangs
 E - 4 atropa-tipped darts (quivered)
 N - 3 throwing nets
 T - 2 datura-tipped darts
Armour
 j - a +2 robe of cold resistance
 o - a +2 cloak (worn)
 M - a +2 robe of fire resistance (worn)
 P - a +2 hat (worn)
 Q - a +3 buckler of cold resistance (worn)
Jewellery
 d - a +6 ring of dexterity (left hand)
 f - a ring of protection from fire
 m - an amulet of guardian spirit
 A - an amulet of reflection (around neck)
 B - a +4 ring of protection
 J - a ring of willpower (right hand)
 S - the amulet "Gokhlent" {Faith rC++ Slay+2}
   (You found it in an ice cave)

   [amulet of faith]

   Faith:     It allows you to gain divine favour quickly.
   Slay+2:    It affects your accuracy & damage with ranged weapons and melee
   (+2).
   rC++:      It greatly protects you from cold.
Wands
 y - a wand of roots (7)
 F - a wand of flame (19)
 K - a wand of digging (12)
 O - a wand of paralysis (19)
 R - a wand of light (4)
Scrolls
 c - 2 scrolls of brand weapon
 h - 6 scrolls of teleportation
 i - a scroll of enchant weapon
 n - 5 scrolls of vulnerability
 r - 3 scrolls of summoning
 s - 6 scrolls of fear
 v - 2 scrolls of immolation
 x - 3 scrolls of revelation
 H - 3 scrolls of silence
 I - 2 scrolls of amnesia
 L - 4 scrolls of poison
 Y - a scroll of fog
Potions
 b - 3 potions of might
 g - 8 potions of curing
 l - 2 potions of resistance
 p - 2 potions of mutation
 t - a potion of ambrosia
 w - a potion of cancellation
 z - 7 potions of lignification
 C - 4 potions of attraction
 D - 3 potions of magic
 G - a potion of brilliance
 U - 5 potions of enlightenment
 V - 3 potions of berserk rage
 W - a potion of heal wounds
 Z - 2 potions of haste
Miscellaneous
 a - a phantom mirror
 u - a phial of floods
 X - a box of beasts


   Skills:
 * Level 11.2 Fighting
 + Level 12.4 Short Blades
 + Level 8.3 Throwing
 + Level 18.9 Dodging
 + Level 19.9 Stealth
 - Level 6.0 Shields
 + Level 3.2 Unarmed Combat
 + Level 10.6 Spellcasting
 + Level 5.5 Summonings
 + Level 4.0 Translocations
 + Level 4.3 Ice Magic
 + Level 3.3 Evocations


You had 18 spell levels left.
You knew the following spells:

 Your Spells              Type           Power      Damage    Failure   Level
a - Call Imp              Summ           64%        N/A       1%          2
b - Blink                 Tloc           52%        N/A       2%          2
c - Summon Ice Beast      Ice/Summ       30%        N/A       3%          3
d - Lesser Beckoning      Tloc           52%        N/A       2%          2
e - Hailstorm             Conj/Ice       19%        3d7       11%         3
f - Teleport Other        Tloc           26%        N/A       4%          3
g - Gell's Gravitas       Tloc           26%        N/A       4%          3

Your spell library contained the following spells:

 Spells                   Type           Power      Damage    Failure   Level
 Momentum Strike          Conj/Tloc      36%        3d9       6%          2
 Kiss of Death            Conj/Necr      40%        2d8       9%          1
 Magic Dart               Conj           40%        1d5       9%          1
 Shock                    Conj/Air       40%        1d5       9%          1
 Searing Ray              Conj           20%        2d5       13%         2
 Static Discharge         Conj/Air       20%        3-4/arc   13%         2
 Sublimation of Blood     Necr           10%        N/A       13%         2
 Summon Blazeheart Golem  Fire/Summ      21%        N/A       28%         4
 Summon Lightning Spire   Summ/Air       21%        N/A       28%         4
 Airstrike                Air            5%         2d(1-17)  65%         4
 Fulminant Prism          Conj/Alch      5%         3d6       65%         4
 Sculpt Simulacrum        Ice/Alch       9%         N/A       99%         6
 Malign Gateway           Summ/Tloc      14%        N/A       100%        7
 Summon Hydra             Summ           16%        N/A       100%        7
 Summon Horrible Things   Summ           16%        N/A       100%        8


Dungeon Overview and Level Annotations

Branches:
Dungeon (15/15)            Temple (1/1) D:6            Lair (5/5) D:9
 Shoals (4/4) Lair:2       Spider (0/4) Lair:2        Slime (0/5) Lair:4
    Orc (2/2) D:11            Elf (0/3) Orc:2        Vaults (0/5) D:14
  Sewer (visited)           IceCv (visited)         Gauntlet (visited)
 Depths: D:15

Altars:
Ashenzari
Cheibriados
Dithmenos
Elyvilon
Fedhas
Gozag
Hepliaklqana
Kikubaaqudgha
Nemelex Xobeh
Okawaru
Qazlal
Ru
Sif Muna
Trog
Uskayaw
Vehumet
Wu Jian
Xom
Yredelemnul
Zin
The Shining One
Jiyva
Lugonu

Shops:
D:10 [[   D:11 [   Orc:2 !*[!

Annotations:
D:12 3 runed translucent doors, corvin's ghost, journeyman DgWn


Innate Abilities, Weirdness & Mutations

You are very small and have problems with some larger weapons.
You are too small for most types of armour.
You have supernaturally acute eyesight. (SInv)
You cover ground extremely quickly. (Speed+++)


Message History

You see here the ring of Uckimao {rElec MP+9 Str-4 Int+9}.
Things that are here:
5 silver javelins; a +0 plate armour You enter the shallow water.
Moving in this stuff is going to be slow.
Things that are here:
a +0 spear; a +0 longbow You start resting.
A merfolk javelineer comes into view.
It is wielding the +1 war axe of Terra Nullius {heavy, *Corrode rF+++ rC- Stlth+} and quivering silver javelins.
Things that are here:
a +1 spear of venom; a +0 sling You start resting.
A merfolk javelineer is nearby!
You enter the shallow water.
Moving in this stuff is going to be slow.
A merfolk javelineer is nearby!
A satyr comes into view.
It is wielding a +0 quarterstaff of distortion.
The satyr unwields a +0 quarterstaff of distortion.
Its appearance distorts for a moment.
The satyr wields a +0 longbow.
The satyr shoots an arrow.
You block the arrow with an invisible shield... and reflect it back!
The arrow hits the satyr!!
The satyr plays a frightful melody on its pipes!
The satyr radiates an aura of fear!
You resist with almost no effort.
The satyr shoots an arrow.
The arrow completely misses you.
The satyr shoots an arrow.
The arrow hits you!
You lunge at the satyr.
You puncture the satyr!
The satyr is heavily wounded.
The satyr shoots an arrow.
The arrow completely misses you.
Casting: Summon Ice Beast (mildly dangerous; 3% risk of failure)
Confirm with . or Enter, or press ? or * to list all spells.
A chill wind blows around you.
The satyr shoots an arrow.
The arrow hits you!!
* * * LOW HITPOINT WARNING * * *
Unknown command.
You hit the satyr but do no damage.
The satyr is poisoned.
The satyr is heavily wounded.
You hit the satyr.
The satyr looks as sick as possible!
The satyr is severely wounded.
The satyr shoots an arrow.
The arrow hits you!!!
You die...

≈≈≈≈≈≈≈≈ #.#...~..[)~#≈ ≈≈≈≈≈≈≈≈
###...###)~)#..# ≈≈≈≈≈≈≈≈≈≈≈≈≈
###....##~~~###)..
≈≈≈≈≈≈≈≈≈≈≈≈≈###...#..~~~~#.....(
≈≈~~~~~~~~~~.#.?.##...~#~~......=
≈~~~~~~~~~~.#...#....###~~.#.~...
~~~~~~~~~~##~.~##...## #~~~.##...
~~~~~~~~~.#.~.##~Y.#######~~~##..
~~...~~~##...##c@...~~~~..##~~~~.
~..<...~.#....###.#.##~~~##~~~^..
.......~...~.## ....##~~~~#~~####
...#..~~#....##...$...~~ ####
..##...~##....#....?..~~
<.....~~+.....#.......~~ #~..
.....=~~+...).##....##~~ # #H..
......)##..~..#(.#.#####.# ##''
))).[##..))#.)~....8.....~ ...~


You could see a satyr (extremely poisoned, ally target) and a friendly ice beast
(summoned).

Vanquished Creatures
  Kirke (Lair:4)
  Ilsuiw (Shoals:1)
  A formless jellyfish (Shoals:4)
  2 minotaurs (Shoals:4)
  An ettin (Orc:2)
  2 merfolk javelineers
  5 merfolk impalers
  An ice dragon (IceCv)
  Erolcha (D:9)
  2 ogre magi
  8 hydras
  4 catoblepae
  3 merfolk avatars
  3 centaur warriors
  12 two-headed ogres
  A merfolk aquamancer (Shoals:1)
  8 satyrs
  Urug (D:12)
  2 boulder beetles
  2 tengu warriors (D:14)
  A deep troll shaman (Lair:5)
  11 death yaks
  Nergalle (D:12)
  4 skysharks
  Amaemon (D:10)
  3 skeletal warriors (D:11)
  9 sea snakes
  2 deep trolls
  An orb spider (Lair:2)
  6 harpies
  A lindwurm (Lair:3)
  2 orc knights
  A harpy (shapeshifter) (D:12)
  7 cyclopes
  An orc sorcerer (Orc:1)
  3 oklob plants
  2 ugly things
  8 fauns
  13 manticores
  2 kobold blastminers (Orc:2)
  5 water nymphs
  3 black mambas
  13 elephants
  3 merfolk sirens
  A smoke demon (Gauntlet)
  3 ice statues
  A molten gargoyle (Lair:2)
  2 torpor snails
  13 cane toads
  An orange demon (D:10)
  2 gargoyles
  Maggie (D:6)
  An unseen horror (shapeshifter) (D:14)
  9 rime drakes
  A tengu conjurer (D:14)
  2 centaur skeletons (D:14)
  An efreet (D:14)
  3 unseen horrors
  5 komodo dragons
  A yaktaur (D:15)
  A red devil (Gauntlet)
  Psyche (D:12)
  21 merfolk
  12 trolls
  3 polar bears
  Grinder (D:6)
  2 hornets
  A troll (shapeshifter) (D:13)
  6 wind drakes
  6 dream sheep
  Prince Ribbit (D:7)
  14 blink frogs
  3 snapping turtles
  5 slime creatures
  2 shadows
  2 wraiths
  44 yaks
  12 spriggans (Lair:3)
  2 wyverns
  3 wargs (D:11)
  5 water elementals
  3 hogs (Lair:4)
  5 basilisks
  Eustachio (D:6)
  2 acid dragons
  12 water moccasins
  A black bear (Lair:5)
  21 orc warriors
  An ice beast (D:5)
  A boggart (D:14)
  20 ogres
  18 wolves
  A crocodile (Sewer)
  12 centaurs
  7 kobold brigands
  A phantom (D:6)
  2 gnoll sergeants (D:7)
  14 bullfrogs
  3 scorpions
  9 wights
  3 lindwurm simulacra (IceCv)
  33 killer bees
  A nameless horror (Lair:5)
  6 howler monkeys
  A lava snake (Lair:2)
  2 crimson imps (Gauntlet)
  3 komodo dragon simulacra (IceCv)
  A hound (D:4)
  12 orc priests
  2 iguanas
  2 gnoll boudas
  3 sleepcaps
  27 orc wizards
  A boggart skeleton (D:14)
  31 gnolls
  6 acid dragon simulacra (IceCv)
  5 adders
  A shadow imp (D:6)
  A white imp (D:8)
  9 steam dragon simulacra (IceCv)
  3 ribbon worms
  7 dart slugs
  69 orcs
  7 bats
  7 endoplasms
  3 giant cockroaches
  3 goblins
  9 hobgoblins
  7 jackals
  21 kobolds
  6 quokkas
  10 ball pythons
  5 frilled lizards
  11 rats
  2 butterflies
812 creatures vanquished.

Vanquished Creatures (collateral kills)
  A minotaur (Gauntlet)
  A satyr (Shoals:4)
  2 harpies
  2 fauns
  A manticore (Shoals:3)
  A merfolk siren (Shoals:2)
  2 elephants (Lair:5)
  A cane toad (Lair:5)
  An efreet (D:13)
  2 merfolk
  4 yaks
  2 orc warriors (Orc:1)
  An ogre (Orc:2)
  2 wolves (Lair:4)
  2 crimson imps (Gauntlet)
  An orc priest (D:14)
  5 orcs (Orc:1)
31 creatures vanquished.

Vanquished Creatures (others)
  A manticore (Shoals:4)
1 creature vanquished.

Grand Total: 844 creatures vanquished

Notes
Turn   | Place    | Note
-------+----------+-------------------------------------------
     0 | D:1      | Minsecho the Spriggan Monk began the quest for the Orb.
     0 | D:1      | Reached XP level 1. HP: 11/11 MP: 2/2
    93 | D:1      | Reached XP level 2. HP: 14/16 MP: 3/3
   348 | D:1      | Reached XP level 3. HP: 19/19 MP: 4/4
  1116 | D:2      | Reached skill level 5 in Dodging
  1116 | D:2      | Reached XP level 4. HP: 19/23 MP: 5/5
  1288 | D:2      | Reached skill level 1 in Stealth
  1603 | D:2      | Found an ancient bone altar of Kikubaaqudgha.
  1725 | D:2      | Reached skill level 1 in Throwing
  2361 | D:3      | Found a sparkling altar of Nemelex Xobeh.
  2395 | D:3      | Identified the +5 dagger of Haotubro {venom, rCorr Int+6}
  2846 | D:4      | Found a white marble altar of Elyvilon.
  2848 | D:4      | Reached XP level 5. HP: 28/28 MP: 6/6
  2948 | D:4      | Found a bloodstained altar of Trog.
  2957 | D:4      | Found a glowing silver altar of Zin.
  2957 | D:4      | Found a stormy altar of Qazlal.
  2965 | D:4      | Found an iron altar of Okawaru.
  2983 | D:4      | Learned a level 2 spell: Call Imp
  3009 | D:4      | Found a broken altar of Ashenzari.
  3058 | D:4      | Reached skill level 1 in Short Blades
  3058 | D:4      | Reached skill level 2 in Stealth
  3426 | D:4      | Found a blossoming altar of Fedhas.
  3498 | D:4      | Reached skill level 1 in Spellcasting
  3860 | D:4      | Found a shimmering blue altar of Sif Muna.
  3864 | D:4      | Reached XP level 6. HP: 32/32 MP: 8/8
  3938 | D:5      | Entered Level 5 of the Dungeon
  3982 | D:5      | Reached skill level 3 in Stealth
  4241 | D:5      | Reached skill level 4 in Stealth
  4314 | D:5      | Noticed a wyvern
  4324 | D:5      | Reached XP level 7. HP: 35/35 MP: 9/11
  4358 | D:5      | Found a glowing drain.
  4372 | D:5      | Reached skill level 5 in Stealth
  4412 | Sewer    | Entered a sewer
  5031 | D:6      | Noticed Eustachio
  5035 | D:6      | Killed Eustachio
  5309 | D:6      | Reached XP level 8. HP: 40/40 MP: 13/13
  5345 | D:6      | Reached skill level 6 in Stealth
  5370 | D:6      | Found a hide-covered altar of Uskayaw.
  5383 | D:6      | Found a staircase to the Ecumenical Temple.
  5526 | D:6      | Noticed an unseen horror
  5533 | D:6      | Noticed a cyclops
  5545 | D:6      | Killed a cyclops
  5546 | D:6      | Reached skill level 7 in Stealth
  5577 | D:6      | Killed an unseen horror
  5578 | D:6      | Reached skill level 5 in Short Blades
  5578 | D:6      | Reached skill level 8 in Stealth
  5578 | D:6      | Reached XP level 9. HP: 19/44 MP: 15/17
  5716 | D:6      | Reached skill level 5 in Spellcasting
  5815 | D:6      | Reached skill level 1 in Shields
  5855 | D:6      | Noticed Grinder
  5865 | D:6      | Paralysed by Grinder for 3 turns
  5876 | D:6      | Killed Grinder
  5903 | D:6      | Reached skill level 9 in Stealth
  6608 | D:7      | Reached skill level 1 in Summonings
  7036 | D:7      | Found a sacrificial altar of Ru.
  7066 | D:8      | Noticed Prince Ribbit
  7066 | D:8      | Noticed a two-headed ogre
  7162 | D:5      | Reached XP level 10. HP: 38/49 MP: 20/20
  7236 | D:6      | Noticed Maggie
  7245 | D:6      | Killed Maggie
  7246 | D:6      | Reached skill level 10 in Stealth
  7271 | Temple   | Entered the Ecumenical Temple
  7566 | D:7      | Killed Prince Ribbit
  7650 | D:8      | Reached skill level 10 in Dodging
  7934 | D:8      | Killed a two-headed ogre
  7935 | D:8      | Reached skill level 5 in Throwing
  8223 | D:8      | Found a glowing golden altar of the Shining One.
  8425 | D:9      | Found a staircase to the Lair.
  8596 | D:9      | Found an ancient bone altar of Kikubaaqudgha.
  8804 | D:9      | Found an ornate altar of the Wu Jian Council.
  8824 | D:9      | Noticed Erolcha
  8839 | D:9      | Became a worshipper of the Wu Jian Council
  8839 | D:9      | Reached * piety under Wu Jian
  8839 | D:9      | Reached ** piety under Wu Jian
  8886 | D:9      | Killed Erolcha
  9061 | D:9      | Found a shimmering altar of Xom.
  9424 | D:10     | Entered Level 10 of the Dungeon
  9491 | D:10     | Reached XP level 11. HP: 46/54 MP: 21/21
  9548 | D:10     | Noticed Amaemon
  9559 | D:10     | Found Heihetz's Armour Boutique.
  9569 | D:10     | Bought a +2 hat for 208 gold pieces
  9605 | D:10     | Reached skill level 11 in Stealth
  9614 | D:10     | Killed Amaemon
  9615 | D:10     | Reached skill level 1 in Evocations
  9629 | D:10     | Noticed a two-headed ogre
  9635 | D:10     | Killed a two-headed ogre
  9653 | D:10     | Found Xagreofof's Armour Emporium.
  9679 | D:10     | Bought a +0 buckler of cold resistance for 161 gold pieces
  9784 | D:10     | Learned a level 2 spell: Blink
  9888 | D:10     | Reached skill level 1 in Translocations
 10227 | D:11     | Noticed a two-headed ogre
 10274 | D:11     | Killed a two-headed ogre
 10301 | D:11     | Reached skill level 12 in Stealth
 10339 | D:11     | Noticed a skeletal warrior
 10339 | D:11     | Noticed a skeletal warrior
 10385 | Lair:1   | Entered Level 1 of the Lair of Beasts
 10385 | Lair:1   | Noticed a catoblepas
 10386 | Lair:1   | Killed a catoblepas
 10497 | Lair:1   | Found a frozen archway.
 10510 | IceCv    | Entered an ice cave
 11479 | IceCv    | Reached *** piety under Wu Jian
 11511 | IceCv    | Noticed an ice dragon
 11649 | IceCv    | Reached skill level 5 in Shields
 11650 | IceCv    | Killed an ice dragon
 11703 | IceCv    | Identified the amulet "Gokhlent" {Faith rC++ Slay+2}
 11829 | IceCv    | Reached skill level 13 in Stealth
 12456 | IceCv    | Reached skill level 5 in Fighting
 12534 | Lair:1   | Reached XP level 12. HP: 50/60 MP: 22/22
 12641 | Lair:1   | Noticed a five-headed hydra
 12771 | D:9      | Killed a five-headed hydra
 12953 | Lair:1   | HP: 3/60 [poisoned by a cane toad]
 14279 | Lair:1   | Reached skill level 10 in Short Blades
 15280 | Lair:2   | Found a staircase to the Shoals.
 15434 | Lair:2   | Reached **** piety under Wu Jian
 15470 | Lair:2   | Reached skill level 14 in Stealth
 15542 | Lair:2   | Found a hole to the Spider Nest.
 16160 | Lair:3   | Noticed a six-headed hydra
 16169 | Lair:3   | Killed a six-headed hydra
 16350 | Lair:3   | Reached XP level 13. HP: 66/66 MP: 23/23
 16660 | Lair:3   | Reached ***** piety under Wu Jian
 16724 | Lair:3   | Reached skill level 15 in Stealth
 16928 | Lair:3   | Learned a level 3 spell: Summon Ice Beast
 16931 | Lair:3   | Learned a level 2 spell: Lesser Beckoning
 18324 | Lair:4   | Found a viscous altar of Jiyva.
 18325 | Lair:4   | Found a staircase to the Slime Pits.
 18879 | Lair:4   | Reached skill level 15 in Dodging
 19134 | Lair:4   | Noticed Kirke
 19656 | Lair:5   | Entered Level 5 of the Lair of Beasts
 19777 | Lair:4   | Killed Kirke
 19778 | Lair:4   | Reached skill level 1 in Ice Magic
 19915 | Lair:5   | Reached skill level 16 in Stealth
 20060 | Lair:5   | Reached XP level 14. HP: 53/73 MP: 26/26
 22570 | D:11     | Reached skill level 17 in Stealth
 22726 | D:11     | Found Jaynah's Armour Boutique.
 22737 | D:11     | Bought a +1 cloak for 195 gold pieces
 22798 | D:11     | Reached ****** piety under Wu Jian
 23167 | D:11     | Found a staircase to the Orcish Mines.
 24242 | D:11     | Learned a level 3 spell: Hailstorm
 24646 | Orc:1    | Entered Level 1 of the Orcish Mines
 25097 | Orc:1    | Found a bloodstained altar of Trog.
 25176 | Orc:2    | Entered Level 2 of the Orcish Mines
 25176 | Orc:2    | Found Tutiluz's Assorted Antiques.
 25176 | Orc:2    | Found Syzu's Distillery.
 25240 | Orc:1    | Reached skill level 18 in Stealth
 25305 | Orc:1    | Reached XP level 15. HP: 35/79 MP: 28/28
 25560 | Orc:2    | Found Aworuoxt's Armour Shoppe.
 25749 | Orc:2    | Found Peatul's Distillery.
 25759 | Orc:2    | Bought 2 potions of berserk rage for 160 gold pieces
 25759 | Orc:2    | Bought a potion of heal wounds for 80 gold pieces
 25759 | Orc:2    | Bought a potion of heal wounds for 80 gold pieces
 25759 | Orc:2    | Bought a potion of curing for 48 gold pieces
 25759 | Orc:2    | Bought a potion of curing for 48 gold pieces
 25759 | Orc:2    | Bought a potion of curing for 48 gold pieces
 25759 | Orc:2    | Bought a potion of curing for 48 gold pieces
 25836 | Orc:2    | Bought a scroll of identify for 46 gold pieces
 25842 | Orc:2    | Bought a potion of curing for 45 gold pieces
 25851 | Orc:2    | Found a staircase to the Elven Halls.
 26430 | D:12     | Found a gate leading to a gauntlet.
 26430 | D:12     | Noticed Nergalle
 26478 | D:12     | Killed Nergalle
 26500 | Gauntlet | Entered a Gauntlet
 26500 | Gauntlet | Found a transporter.
 26500 | Gauntlet | Found a transporter.
 26506 | Gauntlet | Found a transporter.
 26507 | Gauntlet | Found a transporter.
 26507 | Gauntlet | Found a transporter.
 26527 | Gauntlet | Found a transporter.
 26539 | Gauntlet | Found a transporter.
 26543 | Gauntlet | Found a transporter.
 26551 | Gauntlet | Found a transporter.
 26566 | Gauntlet | Found a runed translucent gate.
 26567 | Gauntlet | Found a transporter.
 26567 | Gauntlet | Found a runed translucent gate.
 26568 | Gauntlet | Found a runed translucent gate.
 26581 | Gauntlet | Found a transporter.
 26585 | Gauntlet | Found a transporter.
 27018 | Gauntlet | Identified the amulet "Inwerim" {Faith ^Drain rN+ Int+6}
 27243 | Gauntlet | Got Nyluc's Incunabulum of Injury and Kindling
 27359 | D:12     | Noticed Psyche
 27365 | D:12     | Killed Psyche
 27433 | D:12     | Noticed Urug
 27458 | D:12     | Killed Urug
 27537 | D:12     | You fall into a shaft and drop 3 floors!
 27537 | D:15     | Entered Level 15 of the Dungeon
 29293 | D:12     | Learned a level 3 spell: Teleport Other
 29297 | D:12     | Learned a level 3 spell: Gell's Gravitas
 29298 | D:12     | Found a runed translucent gate.
 29299 | D:12     | Found a runed translucent gate.
 29301 | D:12     | Found a runed translucent gate.
 29305 | D:12     | Noticed corvin's ghost (journeyman DgWn)
 30070 | D:14     | Reached skill level 10 in Fighting
 30304 | D:14     | Found a gate to the Vaults.
 30594 | Shoals:1 | Entered Level 1 of the Shoals
 31357 | Shoals:1 | Found a broken altar of Ashenzari.
 31924 | Shoals:2 | Identified the +3 mace of Hubris {venom, rElec rC- rN+}
 32053 | Shoals:2 | Noticed Ilsuiw
 32468 | Shoals:1 | Killed Ilsuiw
 32537 | Shoals:2 | Reached skill level 19 in Stealth
 33045 | Shoals:2 | Reached XP level 16. HP: 75/86 MP: 30/30
 33349 | Shoals:2 | Identified the +0 cloak of the Original Sin {SInv}
 33387 | Shoals:2 | Reached skill level 10 in Spellcasting
 33614 | Shoals:2 | Reached skill level 5 in Summonings
 35620 | Shoals:4 | Entered Level 4 of the Shoals
 36769 | Shoals:4 | Identified the ring "Lel Gegi" {Wiz rN+}
 38612 | Shoals:4 | Identified the ring of Uckimao {rElec MP+9 Str-4 Int+9}
 39718 | Shoals:4 | Identified the +1 war axe of Terra Nullius {heavy, *Corrode
                  | rF+++ rC- Stlth+}
 39754 | Shoals:4 | Shot with an arrow by a satyr

Illustrated notes

Levels and vault maps discovered:
D:1:      minmay_arrival_semitransparent, layout_basic, roderic_serpentine_path,
          minmay_misc_feat_alley, serial_park_tiny_2, minmay_pentomino_x2
D:2:      layout_loops_ring, basic_altar, kennysheep_generic_room_12
D:3:      layout_basic, nicolae_overflow_crystal_walls,
          wander_ebering_terrifying_dragon_lair
D:4:      layout_basic, amcnicky_altar_gilded, elyvilon_altar_5,
          grunt_temple_overflow_open, cheibrodos_ashenzari_chains,
          lemuel_tele_altar, kennysheep_pointless_box, minmay_gold_behind_fungi
D:5:      layout_cave_pools, mainiacjoe_overflow_tiny_flanked,
          portal_sewer_entry_b
D:6:      layout_loops_cross, mainiacjoe_overflow_concentric_impassable,
          minmay_temple_entry_from_below_b, kb_rosetta, uniq_grinder,
          uniq_eustachio, uniq_maggie
D:7:      layout_basic, nicolae_ru_path_of_blood
D:8:      layout_rooms, lemuel_crystal_altar, uniq_prince_ribbit1
D:9:      layout_loops_ring, lemuel_round_altar,
          mainiacjoe_overflow_small_starburst, mainiacjoe_overflow_alcove_2,
          lair_entry_dummy, serial_rivers, chequers_serial_rivers_small_3,
          chequers_serial_rivers_micro_e, chequers_serial_rivers_micro_b,
          chequers_serial_rivers_marsh, chequers_serial_rivers_micro_c,
          chequers_serial_rivers_micro_b, uniq_erolcha
D:10:     layout_loops_ring, serial_shops, nicolae_shop_tiny_statue_garden,
          shop, eino_tiny_chamber, uniq_amaemon
D:11:     layout_stronghold, david_orc_1_choice, serial_shops, shop
D:12:     layout_roguey, gammafunk_ghost_nasty_kobolds, gauntlet_entry_generic,
          uniq_psyche, uniq_nergalle, uniq_urug
D:13:     layout_basic
D:14:     layout_roguey, hangedman_vaults_entry_quadrant_bands,
          kennysheep_flooded_box, nicolae_shop_sticking_my_neck_out
D:15:     grunt_enter_depths_snipers, layout_small_grid, serial_shops, shop,
          minmay_shattered_shrine
Temple:   corrupted_temple
Lair:1:   minmay_lair_oklob_chamber, layout_cave_pods,
          portal_ice_cave_entry_pillars_2, serial_bayou_pond_e,
          grunt_megastairs_3, lemuel_fruit_fields, lemuel_fruit_tree
Lair:2:   layout_gridlike, minmay_shoals_entry_beasts,
          nicolae_spider_entry_orb_guardian
Lair:3:   wad_woods_minihive, layout_chaotic_city
Lair:4:   layout_layer_cave, slime_entry_1, grunt_megastairs_2,
          lemuel_fruit_fields, uniq_kirke
Lair:5:   grunt_lair_end_beastmaster, layout_gridlike, st_stairs_11,
          infiniplex_staircase_pool_2
Shoals:1: layout_shoals, lemuel_oklob_altar
Shoals:2: layout_shoals, uniq_ilsuiw
Shoals:3: layout_shoals
Shoals:4: shoals_end_hellmonk_lost_city
Orc:1:    layout_diamond_mine, serial_shops, nicolae_shop_trees,
          lemuel_statue_altar
Orc:2:    st_orc_open, layout_caves

Skill      XL: |  1  2  3  4  5  6  7  8  9 10 11 12 13 14 15 16 |
---------------+-------------------------------------------------+-----
Unarmed Combat | 3 |  3.2
Dodging        | 5 6 7 8 9 10 11 13 15 16 17 18 | 18.9
Stealth        | 1 2 4 5 8 9 10 13 14 16 18 19 | 19.9
Throwing       | 1 2 3 4 6 7 8 |  8.3
Short Blades   | 1 2 3 5 6 7 9 10 11 12 | 12.4
Spellcasting   | 1 2 3 4 6 7 8 9 10 | 10.6
Fighting       | 3 4 5 6 8 9 10 11 | 11.2
Shields        | 1 3 5 6 |  6.0
Summonings     | 1 2 3 4 5 |  5.5
Evocations     | 2 3 |  3.3
Translocations | 3 4 |  4.0
Ice Magic      | 1 2 3 4 |  4.3

Action                     |  1- 3 |  4- 6 |  7- 9 | 10-12 | 13-15 | 16-18 || total
---------------------------+-------+-------+-------+-------+-------+-------++-------
  Melee: Unarmed           |   183 |    10 |       |       |       |       ||   193
         Dagger            |       |   164 |   331 |  1150 |  2841 |   647 ||  5133
         Punch             |       |     2 |       |       |       |       ||     2
  Throw: Dart              |       |    18 |    19 |    25 |    61 |    34 ||   157
         Throwing net      |       |     1 |    13 |     2 |       |     1 ||    17
         Boomerang         |       |       |       |    24 |       |       ||    24
   Cast: Call Imp          |       |       |     1 |     7 |    33 |     8 ||    49
         Blink             |       |       |       |     1 |     2 |     6 ||     9
         Summon Ice Beast  |       |       |       |       |    90 |    32 ||   122
         Hailstorm         |       |       |       |       |     6 |    10 ||    16
         Gell's Gravitas   |       |       |       |       |     1 |     2 ||     3
         Teleport Other    |       |       |       |       |     1 |       ||     1
 Invoke: Serpent's Lash    |       |       |       |     1 |     7 |     1 ||     9
         Heavenly Storm    |       |       |       |       |     1 |       ||     1
Ability: Lunge             |       |       |       |    56 |   161 |    38 ||   255
         Whirlwind         |       |       |       |   149 |   586 |    85 ||   820
         Wall Jump         |       |       |       |     2 |     9 |       ||    11
  Evoke: Wand              |       |     1 |     2 |    12 |     8 |     9 ||    32
         Phantom mirror    |       |       |       |     1 |       |       ||     1
    Use: Scroll            |       |     4 |     3 |    13 |    22 |     3 ||    45
         Potion            |       |     1 |     2 |    10 |     3 |     3 ||    19
   Stab: Sleeping          |     1 |     6 |     5 |    27 |    56 |    15 ||   110
         Distracted        |       |     1 |       |     9 |    24 |     5 ||    39
         Held in net/web   |       |     1 |     8 |     1 |       |     1 ||    11
         Invisible         |       |       |       |     4 |    16 |    12 ||    32
         Paralysed         |       |       |       |     1 |       |     1 ||     2
         Petrified         |       |       |       |       |     4 |       ||     4
         Petrifying        |       |       |       |       |     3 |       ||     3
         Confused          |       |       |       |       |       |     1 ||     1
 Armour: Robe              |    38 |    36 |    41 |   164 |   302 |   138 ||   719
         Steam dragon scal |       |       |       |    38 |       |       ||    38
  Dodge: Dodged            |   148 |   136 |   200 |   469 |  1228 |   462 ||  2643
  Block: Buckler           |       |       |    76 |   374 |  1168 |   361 ||  1979
         Reflection        |       |       |       |     8 |    27 |    44 ||    79
